 Dungeon Crawl Stone Soup version 0.29.1-12-g30fa7ad0bf (webtiles) character file.

Game seed: 15109168054298259730

10118 GeoRichter the Artisan of Death (level 11, -3/80 HPs)
             Began as a Demonspawn Wanderer on Dec 23, 2022.
             Was a Priest of Kikubaaqudgha.
             Killed from afar by a ynoxinul (28 damage)
             ... with an iron shot
             ... summoned by a kobold demonologist
             ... on level 11 of the Dungeon.
             The game lasted 00:31:42 (12482 turns).

GeoRichter the Artisan of Death (DsWn)             Turns: 12482, Time: 00:31:43

Health: -3/80      AC: 13    Str: 14    XL:     11   Next: 32%
Magic:  1/22       EV: 11    Int: 24    God:    Kikubaaqudgha [***...]
Gold:   290        SH:  0    Dex: 15    Spells: 13/25 levels left

rFire   + . .      SeeInvis .   a - +3 trident
rCold   . . .      Faith    .   (no shield)
rNeg    . . .      Spirit   .   l - +5 leather armour "Zoetwial" {Will+ Str+4 Dex+2}
rPois   +          Reflect  .   k - +0 helmet of Zovet {Int+4}
rElec   .          Harm     .   (no cloak)
rCorr   .          Rampage  .   w - +1 pair of gloves
Will    +....                   (boots unavailable)
Stlth   +.........              (no amulet)
HPRegen 0.23/turn               I - ring of protection from fire
MPRegen 0.36/turn               O - ring of poison resistance

@: very slightly contaminated, studying Hexes
A: hooves 3, slimy green scales 1, foul stench 1, magic regeneration, corrupting
presence 1
a: Renounce Religion, Unearth Wretches


You were on level 11 of the Dungeon.
You worshipped Kikubaaqudgha.
Kikubaaqudgha was most pleased with you.
You visited 1 branch of the dungeon, and saw 11 of its levels.
You also visited: Ossuary.

You collected 530 gold pieces.
You spent 240 gold pieces at shops.

Inventory:

Hand Weapons
 a - a +3 trident (weapon)
   (You took it off a wight on level 6 of the Dungeon)
Missiles
 P - 4 throwing nets {!f}
Armour
 k - the +0 helmet of Zovet (worn) {Int+4}
   (You found it on level 2 of the Dungeon)

   Int:       It affects your intelligence (+4).
 l - the +5 leather armour "Zoetwial" (worn) {Will+ Str+4 Dex+2}
   (You found it on level 7 of the Dungeon)

   Str:       It affects your strength (+4).
   Dex:       It affects your dexterity (+2).
   Will:      It increases your willpower.
 q - a +2 robe of cold resistance
   (You took it off Sigmund on level 2 of the Dungeon)
 w - a +1 pair of gloves (worn)
Magical Staves
 b - a staff of air
   (You found it on level 6 of the Dungeon)
 j - a staff of death
   (You found it on level 1 of the Dungeon)
 y - a staff of conjuration {!a}
   (You found it on level 4 of the Dungeon)
Jewellery
 o - a ring of fire
   (You found it on level 3 of the Dungeon)
 s - a ring of resist corrosion
   (You found it on level 3 of the Dungeon)
 I - a ring of protection from fire (left hand)
   (You found it on level 7 of the Dungeon)
 O - a ring of poison resistance (right hand)
   (You bought it in a shop on level 9 of the Dungeon)
Wands
 p - a wand of charming (8)
   (You found it on level 2 of the Dungeon)
Scrolls
 d - 3 scrolls of blinking
 e - 5 scrolls of enchant weapon
 f - a scroll of brand weapon
 g - 6 scrolls of amnesia
 i - a scroll of teleportation {@r4}
 t - 4 scrolls of noise {!r}
 A - 2 scrolls of vulnerability {!r}
 C - a scroll of torment {!r}
 H - 5 scrolls of fear
 J - a scroll of poison {!r}
 M - 3 scrolls of immolation {!r}
 N - 5 scrolls of fog
Potions
 c - 5 potions of lignification {!q}
 m - 2 potions of might
 n - 3 potions of mutation {!q}
 r - 6 potions of attraction {!q}
 u - 4 potions of brilliance
 v - 5 potions of degeneration {!q}
 x - a potion of ambrosia
 B - 2 potions of resistance {unknown}
 D - 4 potions of flight
 E - 2 potions of invisibility
 K - 4 potions of haste {@q3}
 L - 4 potions of curing {@q1}
 R - 2 potions of heal wounds {unknown}


   Skills:
 + Level 5.2 Fighting
 * Level 7.2 Polearms
 - Level 3.0 Ranged Weapons
 - Level 1.0 Dodging
 - Level 1.0 Stealth
 - Level 7.5 Spellcasting
 + Level 9.1 Necromancy
 - Level 9.0 Air Magic
 - Level 1.2 Invocations
 - Level 1.0 Evocations


You had 13 spell levels left.
You knew the following spells:

 Your Spells              Type           Power      Damage    Failure   Level
a - Necrotise             Necr           100%       1d9       1%          1
b - Vampiric Draining     Necr           52%        2d9       1%          3
c - Airstrike             Air            25%        2d(4-20)  2%          4
d - Animate Dead          Necr           52%        N/A       1%          4

Your spell library contained the following spells:

 Spells                   Type           Power      Damage    Failure   Level
 Shock                    Conj/Air       100%       1d9       1%          1
 Sublimation of Blood     Necr           52%        N/A       1%          2
 Swiftness                Air            51%        N/A       1%          3
 Dispel Undead            Necr           52%        3d19      1%          4
 Agony                    Necr           52%        N/A       5%          5
 Anguish                  Hex/Necr       15%        N/A       13%         4
 Inner Flame              Hex/Fire       9%         N/A       26%         3
 Death Channel            Necr           26%        N/A       30%         6
 Borgnjor's Vile Clutch   Necr/Erth      15%        N/A       36%         5
 Cause Fear               Hex            4%         N/A       65%         4
 Fulminant Prism          Conj/Hex       4%         3d6       65%         4
 Iskenderun's Mystic Bla  Conj/Tloc      9%         2d4       65%         4
 Simulacrum               Ice/Necr       15%        N/A       90%         6
 Lee's Rapid Deconstruct  Erth           4%         3d6*      94%         5
 Discord                  Hex            4%         N/A       100%        8


Dungeon Overview and Level Annotations

Branches:
Dungeon (11/15) Zot: 26726  Temple (0/1) D:6            Lair (0/5) D:11
    Orc (0/2) D:10        Ossuary (visited)

Altars:
Ashenzari
Cheibriados
Dithmenos
Gozag
Kikubaaqudgha
Makhleb
Nemelex Xobeh
Ru
Trog
Uskayaw
Vehumet
Xom

Shops:
D:1 ?   D:2 !   D:9 ==

Annotations:
D:6 3 runed translucent doors, LaMa's ghost, novice MfGl
D:7 1 runed translucent door, Ubergnu's ghost, novice MiBe
D:8 3 runed translucent doors, H0rd4k's ghost, novice OpAr
D:9 Erica
D:10 2 transporters, exclusion: obsidian statue


Innate Abilities, Weirdness & Mutations

You have hooves in place of feet.
You are partially covered in slimy green scales. (AC +2)
You may rarely emit foul miasma when damaged in melee.
You regenerate magic rapidly.
Your presence sometimes corrodes those you injure.


Message History

a +0 dagger; a +0 robe A kobold demonologist comes into view.
It is wielding a +0 dagger.
The kobold demonologist gestures wildly while chanting.
Aim: a kobold demonologist, wielding a +0 dagger and wearing a +0 robe (ally target, empty space bonus: 8/8)
The air twists around and strikes the kobold demonologist!!
The kobold demonologist mumbles some strange words.
Aim: a kobold demonologist, wielding a +0 dagger and wearing a +0 robe (heavily wounded, ally target, empty space bonus: 6/8)
The air twists around and strikes the kobold demonologist!!
You kill the kobold demonologist!
Kikubaaqudgha accepts your kill.
The kobold demonologist looks encouraged for a moment.
You hear a shout!
An orc comes into view. It is wielding a +0 hand axe.
The neqoxec shouts!
The orc shouts!
Aim: a kobold demonologist, wielding a +0 dagger and wearing a +0 robe (empty space bonus: 6/8)
You miscast Airstrike.
You are very lightly contaminated with residual magic.
Nothing appears to happen.
Aim: a kobold demonologist, wielding a +0 dagger and wearing a +0 robe (empty space bonus: 6/8)
The air twists around and strikes the kobold demonologist!
The kobold demonologist gestures wildly while chanting.
Aim: a kobold demonologist, wielding a +0 dagger and wearing a +0 robe (moderately wounded, empty space bonus: 7/8)
You miscast Airstrike.
Nothing appears to happen.
Your four-headed hydra zombie barely misses the neqoxec.
Your four-headed hydra zombie bites the neqoxec but does no damage. x2
Your four-headed hydra zombie barely misses the neqoxec.
The ynoxinul gestures.
The neqoxec hits your troll zombie.
Aim: a kobold demonologist, wielding a +0 dagger and wearing a +0 robe (moderately wounded, empty space bonus: 6/8)
The air twists around and strikes the kobold demonologist!!
Your troll zombie bites the neqoxec!
Your troll zombie claws the neqoxec! x2
Your four-headed hydra zombie bites the neqoxec. x2
Your four-headed hydra zombie closely misses the neqoxec.
Your four-headed hydra zombie bites the neqoxec but does no damage.
The neqoxec hits your troll zombie!
Okay, then.
Your troll zombie closely misses the neqoxec.
Your troll zombie claws the neqoxec.
Your troll zombie closely misses the neqoxec.
The neqoxec hits your troll zombie!
Things that are here:
a +0 dagger; a +0 robe The kobold demonologist casts a cantrip, but nothing happens.
Your troll zombie bites the neqoxec!
The neqoxec dies!
The neqoxec disappears in a puff of smoke!
The ynoxinul gestures at you. The iron shot hits you!!
You die...
Kikubaaqudgha rasps: "You have failed me!
Welcome... death!"

#..~~≈...~.~..~
#..≈~≈≈~~~....~.
..~.K≈≈≈~.~.~~..
+...4≈≈≈~≈≈≈~...
.~≈5ZZ≈≈~~~≈~...
.~≈§≈ZZ~.≈.≈~~~.
.~≈≈ZZ~....~≈≈..
.~≈3≈≈.@>.~.~~..#
.~≈≈≈~~.)..~~≈~..
.~≈≈≈≈~..~.~≈≈..#
5.~~≈Z~..~)~≈~..#
#..≈≈≈.)).≈≈≈...#
#.o~~~≈~.~≈≈~...#
#....≈≈~.~~≈~~..#.......
#...~≈≈≈.)~≈≈≈..#.......
#.~~.≈≈~.~.~≈≈~.#.......


You could see an ice devil (summoned, ally target), a kobold demonologist, a
ynoxinul (summoned), an orc (ally target), 2 ufetubi, 3 friendly hound zombies,
a friendly wolf zombie, 2 friendly four-headed hydra zombies and a friendly
troll zombie.

Vanquished Creatures
  A hydra (D:11)
  A two-headed ogre (D:10)
  2 kobold demonologists (D:11)
  4 trolls
  2 shadows (D:10)
  Sigmund (D:2)
  A wraith (D:10)
  4 yaks (D:9)
  A steam dragon (D:7)
  Edmund (D:6)
  A water moccasin (D:9)
  5 orc warriors
  4 sky beasts
  An ice beast (D:4)
  2 ogres (D:6)
  4 centaurs
  A wolf (D:11)
  3 phantoms
  A kobold brigand (D:8)
  4 bullfrogs
  2 necrophages
  2 scorpions
  A gnoll sergeant (D:7)
  16 wights
  5 killer bees (D:9)
  2 electric eels (D:9)
  A crimson imp (D:5)
  A centaur zombie (Ossuary)
  2 human zombies (Ossuary)
  7 jellies
  4 hounds
  4 orc priests
  3 gnoll boudas
  9 orc wizards
  3 mummies
  17 gnolls
  6 adders
  A white imp (D:7)
  An ufetubus (D:5)
  A worm (D:3)
  2 dart slugs
  29 orcs
  5 ball pythons
  6 endoplasms
  3 giant cockroaches
  8 goblins
  5 hobgoblins
  3 quokkas
  8 bats
  2 frilled lizards
  3 gnoll zombies (Ossuary)
  A goblin zombie (Ossuary)
  3 hobgoblin zombies (D:5)
  9 kobolds
  A kobold zombie (Ossuary)
  An orc zombie (D:5)
  5 rats
226 creatures vanquished.

Vanquished Creatures (collateral kills)
  A hydra (D:11)
  A kobold demonologist (D:11)
  A yak (D:9)
  A gnoll sergeant (D:8)
  2 electric eels (D:11)
  4 hounds (D:11)
  A hound zombie (D:11)
  A gnoll (D:8)
  An adder (D:6)
  An orc (D:8)
  4 kobolds (D:11)
18 creatures vanquished.

Vanquished Creatures (others)
  A yak zombie (D:9)
  A bullfrog zombie (D:7)
  A hound zombie (D:11)
  5 gnoll zombies
  17 orc zombies
  A plant (D:8)
26 creatures vanquished.

Grand Total: 270 creatures vanquished

Notes
Turn   | Place    | Note
-------+----------+-------------------------------------------
     0 | D:1      | GeoRichter the Demonspawn Wanderer began the quest for the
                  | Orb.
     0 | D:1      | GeoRichter set off with the following items: a +2 sling, a
                  | +0 pair of gloves, a potion of lignification {!q}, a +0
                  | robe; and the following spell memorised: Necrotise; and the
                  | following spells available to memorise: Vampiric Draining.
     0 | D:1      | Reached XP level 1. HP: 13/13 MP: 2/2
   361 | D:1      | Found a faded altar of an unknown god.
   367 | D:1      | Gained mutation: You are partially covered in slimy green
                  | scales. (AC +2) [demonic ancestry]
   367 | D:1      | Reached XP level 2. HP: 19/19 MP: 3/3
   817 | D:1      | Found Domoetru's Magic Scroll Boutique.
  1037 | D:2      | Gained mutation: You have large cloven feet. [demonic
                  | ancestry]
  1037 | D:2      | Reached XP level 3. HP: 16/24 MP: 0/5
  1227 | D:2      | Gained mutation: You regenerate magic rapidly. [demonic
                  | ancestry]
  1227 | D:2      | Reached XP level 4. HP: 30/30 MP: 4/7
  1236 | D:2      | Identified the +0 helmet of Zovet {Int+4}
  1255 | D:2      | Noticed Sigmund
  1368 | D:2      | Learned a level 3 spell: Vampiric Draining
  1547 | D:2      | Found Xefoi's Distillery.
  1648 | D:2      | Killed Sigmund
  1649 | D:2      | Reached skill level 5 in Necromancy
  1649 | D:2      | Reached XP level 5. HP: 35/35 MP: 1/9
  2093 | D:3      | Reached XP level 6. HP: 41/41 MP: 10/10
  2705 | D:3      | Learned a level 4 spell: Airstrike
  2766 | D:4      | Found a broken altar of Ashenzari.
  2860 | D:4      | Noticed an ice beast
  3046 | D:4      | Killed an ice beast
  3047 | D:4      | Gained mutation: You may rarely emit foul miasma when
                  | damaged in melee. [demonic ancestry]
  3047 | D:4      | Reached XP level 7. HP: 38/46 MP: 12/12
  3339 | D:5      | Entered Level 5 of the Dungeon
  3359 | D:5      | Found a sparkling altar of Nemelex Xobeh.
  3387 | D:5      | Found a burning altar of Makhleb.
  3388 | D:5      | Found a radiant altar of Vehumet.
  3497 | D:5      | Found a hide-covered altar of Uskayaw.
  3515 | D:5      | Reached skill level 1 in Air Magic
  3901 | D:5      | Found an ancient bone altar of Kikubaaqudgha.
  3923 | D:5      | Became a worshipper of Kikubaaqudgha
  4139 | D:6      | Gained mutation: You have hoof-like feet. [demonic
                  | ancestry]
  4139 | D:6      | Reached XP level 8. HP: 35/52 MP: 4/15
  4272 | D:6      | Reached skill level 5 in Spellcasting
  4376 | D:6      | Found a staircase to the Ecumenical Temple.
  4390 | D:6      | Noticed Edmund
  4400 | D:6      | Killed Edmund
  4474 | D:6      | Reached skill level 5 in Air Magic
  4561 | D:6      | Noticed an angel
  4697 | D:6      | Found a runed translucent gate.
  4697 | D:6      | Found a runed translucent gate.
  4698 | D:6      | Found a runed translucent gate.
  4698 | D:6      | Noticed a cyclops
  4704 | D:6      | Noticed LaMa's ghost (novice MfGl)
  4721 | D:6      | Noticed a deep elf pyromancer
  4929 | D:6      | Gained mutation: Your presence sometimes corrodes those you
                  | injure. [demonic ancestry]
  4929 | D:6      | Reached XP level 9. HP: 57/57 MP: 9/18
  5134 | D:7      | Reached * piety under Kikubaaqudgha
  5134 | D:7      | Received a gift from Kikubaaqudgha
  5143 | D:7      | Learned a level 4 spell: Animate Dead
  5986 | D:7      | Found a runed translucent door.
  5987 | D:7      | Found a shimmering altar of Xom.
  5987 | D:7      | Noticed Ubergnu's ghost (novice MiBe)
  5989 | D:7      | Noticed a +0 falchion of chaos
  6273 | D:7      | Identified the +5 leather armour "Zoetwial" {Will+ Str+4
                  | Dex+2}
  6913 | D:8      | Found a sand-covered staircase.
  6921 | Ossuary  | Entered an ossuary
  7664 | D:8      | Reached ** piety under Kikubaaqudgha
  7762 | D:8      | Found a snail-covered altar of Cheibriados.
  7847 | D:8      | Reached skill level 1 in Polearms
  7972 | D:8      | Found a runed translucent gate.
  7972 | D:8      | Found a runed translucent gate.
  7972 | D:8      | Found a runed translucent gate.
  7973 | D:8      | Found an opulent altar of Gozag.
  7998 | D:8      | Noticed H0rd4k's ghost (novice OpAr)
  7998 | D:8      | Noticed a manticore
  7999 | D:8      | Noticed a deep elf pyromancer
  8195 | D:8      | Found a shadowy altar of Dithmenos.
  8624 | D:9      | Reached XP level 10. HP: 58/64 MP: 18/21
  8721 | D:9      | Reached skill level 1 in Fighting
  8918 | D:9      | Found a sacrificial altar of Ru.
  8918 | D:9      | Found a bloodstained altar of Trog.
  9008 | D:9      | Noticed Erica
  9247 | D:9      | Found Ybruich's Jewellery Boutique.
  9250 | D:9      | Bought a ring of poison resistance for 240 gold pieces
  9717 | D:9      | Found Naoh's Jewellery Emporium.
  9844 | D:9      | Found an opulent altar of Gozag.
 10027 | D:10     | Entered Level 10 of the Dungeon
 10050 | D:10     | Found a transporter.
 10074 | D:10     | Noticed an obsidian statue
 10310 | D:10     | Found a transporter.
 10323 | D:10     | Found a staircase to the Orcish Mines.
 10878 | D:10     | Reached skill level 5 in Polearms
 11122 | D:10     | Reached *** piety under Kikubaaqudgha
 11122 | D:10     | Received a gift from Kikubaaqudgha
 11726 | D:10     | Noticed a two-headed ogre
 11733 | D:10     | Killed a two-headed ogre
 12313 | D:11     | Gained mutation: You have hooves in place of feet. [demonic
                  | ancestry]
 12313 | D:11     | Reached XP level 11. HP: 76/78 MP: 3/22
 12371 | D:11     | Noticed a four-headed hydra
 12380 | D:11     | Killed a four-headed hydra
 12396 | D:11     | Noticed a four-headed hydra
 12398 | D:11     | Killed a four-headed hydra
 12399 | D:11     | Reached skill level 5 in Fighting
 12409 | D:11     | Found a staircase to the Lair.
 12482 | D:11     | Killed from afar by a ynoxinul

Illustrated notes

Levels and vault maps discovered:
D:1:      tarquinn_simple_flora_water_c, layout_loops_cross, serial_shops, shop,
          ebering_ecumenical_altar_abandoned
D:2:      layout_basic, serial_shops, shop, corexii_corridor_pit,
          minmay_misc_feat_tower, uniq_sigmund
D:3:      layout_basic, st_stairs_12, kennysheep_crisscross
D:4:      layout_rooms, general_overflow_altar
D:5:      layout_basic, grunt_temple_overflow_lords_of_destruction,
          nicolae_kikubaaqudgha_miasma_corner,
          nemelex_xobeh_ov_fountains_minmay, nicolae_uskayaw_dance_hall,
          minmay_mini_ossuary
D:6:      layout_basic, zin_angel, minmay_temple_entry_drinking_statues,
          gammafunk_ghost_split, serial_park_tiny_1, grunt_ministairs_15,
          minmay_bent, uniq_edmund
D:7:      layout_loops_ring, ebering_ghost_xom
D:8:      layout_basic, gammafunk_temple_overflow_wave,
          mainiacjoe_overflow_brackets, ebering_ghost_gozag,
          nicolae_ossuary_entry_plus
D:9:      layout_small_grid, nicolae_gozag_cash_rules_everything_around_me,
          nicolae_overflow_squiral, serial_shops, nicolae_shop_behind_doors,
          shop, uniq_erica
D:10:     gammafunk_worm_tunnel, layout_basic, david_orc_3,
          grunt_decor_fettered, minivault_16
D:11:     layout_roguey, erik_lair_island, serial_shops, nicolae_shop_trees,
          grunt_ministairs_8

Skill      XL: |  1  2  3  4  5  6  7  8  9 10 11 |
---------------+----------------------------------+-----
Necromancy     | 3 5 6 7 8 9 |  9.1
Ranged Weapons | 3 |  3.0
Spellcasting   | 2 3 4 6 7 |  7.5
Air Magic      | 3 6 9 |  9.0
Polearms       | 1 6 7 |  7.2
Fighting       | 4 5 |  5.2
Dodging        | |  1.0
Stealth        | |  1.0
Invocations    | |  1.2
Evocations     | |  1.0

Action                   |  1- 3 |  4- 6 |  7- 9 | 10-12 || total
-------------------------+-------+-------+-------+-------++-------
Melee: Dagger            |       |    20 |    49 |       ||    69
       Trident           |       |       |   257 |   208 ||   465
       Staff             |       |       |     7 |       ||     7
       Punch             |       |       |     4 |     1 ||     5
       Kick              |       |       |       |     5 ||     5
 Fire: Sling             |    61 |   128 |   106 |       ||   295
 Cast: Necrotise         |    15 |     7 |    20 |     1 ||    43
       Vampiric Draining |       |     2 |    47 |    49 ||    98
       Airstrike         |       |       |    31 |    29 ||    60
       Animate Dead      |       |       |     8 |     8 ||    16
  Use: Potion            |       |     1 |     2 |     2 ||     5
       Scroll            |       |       |    12 |    11 ||    23
 Stab: Sleeping          |       |       |     4 |     1 ||     5
Armor: Robe              |    13 |    31 |    80 |       ||   124
       Skin              |       |     1 |       |       ||     1
       Leather armour    |       |       |    65 |   112 ||   177
Dodge: Dodged            |    25 |    34 |   229 |   137 ||   425
